cohdb
Replays
Latest Replays
All Replays
Popular Replays
Top Player Replays
Match Explorer
How It Works
Community
CoH3 Stats
Reddit
Sign in to upload your games and track your stats! →
Sign in with Steam
Match 38811766
Unlisted
Match 38811766
Overview
Messages
Build Orders
End
Construct Section Command Post
Vickers Machine Gun Team
Selects Indian Artillery Battlegroup
ML 3-inch Mortar Team
ML 3-inch Mortar Team
Vickers Machine Gun Team
Construct Platoon Command Post
CMP 15cwt Truck
Team Weapon Training
Selects Valour
Selects Gurkha Rifles Section
6-pounder Anti-tank Gun Team
Construct Company Command Post
Crusader II Medium Tank
Royal Engineer Section
Crusader II Medium Tank
Selects Artillery Saturation
Crusader II Medium Tank
Selects Off-map Airburst Barrage
Honey
今天拖了丽芙后腿
tubagznyven
Zebra
YayShakeIt
ElderKaze
Vladimir Ilyich Ulyanov
Franklin Delano Roosevelt
0
0
Comments
sign in to comment!
No comments posted yet!